Workbook

Sheet AOC1
A1: AOC and Scholarship Income Worksheet | F1: Tuition, Fees, Required Books | G1: Required Supplies & Optional Books | H1: Scholarships Restricted to QEE e.g. MAP | I1: Unrestricted Scholarship / Grant Funds e.g. PELL | J1: Non-VA Restricted Funds Earmarked for Non-QEE
A2: 1 | B2: Is the taxpayer the student? (Y/N) | D2: =err -> #NAME? | E2: 1
A3: 2 | B3: Tax year | D3: =err -> #NAME? | E3: 2
A4: 3 | B4: Total tuition, eligible fees and books purchased directly from the school | C4: (column F) | D4: =SUM(F2:F58585) -> 0 | E4: 3
A5: 4 | B5: Total other required books (purchased from other sources) and required supplies | C5: (column G) | D5: =SUM(G2:G58586) -> 0 | E5: 4
A6: 5 | B6: Add Lines 1 & 2 for total Qualified Education Expenses | C6: QEE | D6: =SUM(D4:D5) -> 0 | E6: 5
A7: 6 | B7: Total restricted scholarships (MAP, VA, etc.) [see note 1] | C7: (column H) | D7: =SUM(H2:H58588) -> 0 | E7: 6
A8: 7 | B8: QEE available for AOC on tax return and reduction to Scholarship Income | C8: (line 5 - line 6, min 0) | D8: =MAX(D6-D7,0) -> 0 | E8: 7
A9: 8 | B9: Amount of QEE to claim on Form 8863 line 27 (max $4000) | C9: Amt to Claim for AOC | D9: =IF(D8>4000,4000,D8) -> 0 | E9: 8
A10: 9 | B10: Excess QEE after AOC | C10: (line 7 - line 8) | D10: =D8-D9 -> 0 | E10: 9
A11: 10 | B11: Excess restricted scholarship funds | C11: (line 6 - line 5, min 0) | D11: =MAX((D7-D6),0) -> 0 | E11: 10
A12: 11 | B12: Unrestricted scholarships / grants (Pell, etc.) | C12: (column I) | D12: =SUM(I2:I58593) -> 0 | E12: 11
A13: 12 | B13: Unrestricted scholarships / grants + excess restricted funds | C13: (line 10 + line 11) | D13: =SUM(D11:D12) -> 0 | E13: 12
A14: 13 | B14: Excess funds after all QEE | C14: (line 12 - line 9, min 0) | D14: =MAX(D13-D10,0) -> 0 | E14: 13
A15: 14 | B15: Restricted scholarship / grant funds earmarked for nonqualified expenses such as room and board | C15: (column J) | D15: =SUM(J2:J58593) -> 0 | E15: 14
A16: 15 | B16: Scholarship funds to treat as income. Enter on Student's Return, 1040 Wkt 1 line ? | C16: Scholarship Income | D16: =SUM(D14:D15) -> 0 | E16: 15
B17: Enter into FAFSA Question 44 line d to exclude scholarship income from AGI and aid eligibility
B18: Student's birthdate | D18: =err -> #NAME?
B19: Student's age on Dec. 31 of the tax year | D19: =DATEDIF(D18,"12/31/"&D3,"Y") -> #NAME?
B20: Is the student's earned income < 50% of the their support? (Y/N) | D20: =err -> #NAME?
B21: Is the student filing a return with status MFJ? (Y/N) | D21: =err -> #NAME?
B22: Was either of the student's parents alive as of Dec 31 of the tax year? (Y/N) | D22: =err -> #NAME?
B23: Was the student full-time any part of any 5 months of 2018? (Y/N) | D23: =err -> #NAME?
B24: Student disallowed from claiming refundable AOC? (Form 8863 line 7) | C24: =IF(D24="YES!","No refundable AOC :-(","") -> #NAME? | D24: =IF(AND(D2="Y",OR(D19<18,AND(D19=18,D20="Y"),AND(D19>18,D19<24,D23="Y",D20="Y")),D22="Y",D21="N"),"YES!","No") -> #NAME?
B25: Other unearned income | D25: =err -> #NAME?
B26: Is student required to file a return? (Y/N) | D26: =err -> #NAME?
B27: Kiddie tax? | C27: =IF(D27="YES!","Complete Form 8615","") -> #NAME? | D27: =IF(AND(D2="N",(D16+D25)>=2100,D26="Y",OR(D19<18,AND(D19=18,D20="Y"),AND(D19>18,D19<24,D23="Y",D20="Y")),D22="Y",D21="N"),"YES!","No") -> #NAME?
B28: What is the taxpayer's total tax? | C28: 1040 line 15 | D28: =err -> #NAME?
B29: Is the note 2 complexity issue in play? | C29: =IF(D29="YES!","SEE NOTE 2!","") -> #NAME? | D29: =IF(AND(D2="N",D16>0,D28<1500),"YES!","No") -> #NAME?
A32: Note 1: | B32: VA tuition, etc. benefits are never taxable.
A34: Note 2: | B34: =IF(D29="YES!","The procedure is more complex when scholarship conversion to income is being used to claim the credit and there is less than $1500 of tax liability and the taxpayer is not the student. Claim $2000 per student or an amount of AOC (limit $4000) per "&"student that will result in the nonrefundable portion eliminating all tax on Line 15 of the return, either singly or in combination with other student dependents. When the tax on Line 15 of the return is $1200 or less, always claim the first $2000 of "&"the AOC credit per student but only claim the remaining $2000 of the credit to the degree it does not result in an increase in federal tax on the return of any student dependent or trigger kiddie tax. When the taxpayer is the student, take the "&"full amount possible.","<does not apply>") -> #NAME?
B36: If preparing the parent's return and using scholarship funds to take the AOC credit we must also prepare or have a copy of the student's return showing the scholarship funds as income on Line 1 on the student's tax return.

Sheet AOC2
A1: AOC and Scholarship Income Worksheet | F1: Tuition, Fees, Required Books | G1: Required Supplies & Optional Books | H1: Scholarships Restricted to QEE e.g. MAP | I1: Unrestricted Scholarship / Grant Funds e.g. PELL | J1: Non-VA Restricted Funds Earmarked for Non-QEE
A2: 1 | B2: Is the taxpayer the student? (Y/N) | D2: =err -> #NAME? | E2: 1
A3: 2 | B3: Tax year | D3: =err -> #NAME? | E3: 2
A4: 3 | B4: Total tuition, eligible fees and books purchased directly from the school | C4: (column F) | D4: =SUM(F2:F58585) -> 0 | E4: 3
A5: 4 | B5: Total other required books (purchased from other sources) and required supplies | C5: (column G) | D5: =SUM(G2:G58586) -> 0 | E5: 4
A6: 5 | B6: Add Lines 1 & 2 for total Qualified Education Expenses | C6: QEE | D6: =SUM(D4:D5) -> 0 | E6: 5
A7: 6 | B7: Total restricted scholarships (MAP, VA, etc.) [see note 1] | C7: (column H) | D7: =SUM(H2:H58588) -> 0 | E7: 6
A8: 7 | B8: QEE available for AOC on tax return and reduction to Scholarship Income | C8: (line 5 - line 6, min 0) | D8: =MAX(D6-D7,0) -> 0 | E8: 7
A9: 8 | B9: Amount of QEE to claim on Form 8863 line 27 (max $4000) | C9: Amt to Claim for AOC | D9: =IF(D8>4000,4000,D8) -> 0 | E9: 8
A10: 9 | B10: Excess QEE after AOC | C10: (line 7 - line 8) | D10: =D8-D9 -> 0 | E10: 9
A11: 10 | B11: Excess restricted scholarship funds | C11: (line 6 - line 5, min 0) | D11: =MAX((D7-D6),0) -> 0 | E11: 10
A12: 11 | B12: Unrestricted scholarships / grants (Pell, etc.) | C12: (column I) | D12: =SUM(I2:I58593) -> 0 | E12: 11
A13: 12 | B13: Unrestricted scholarships / grants + excess restricted funds | C13: (line 10 + line 11) | D13: =SUM(D11:D12) -> 0 | E13: 12
A14: 13 | B14: Excess funds after all QEE | C14: (line 12 - line 9, min 0) | D14: =MAX(D13-D10,0) -> 0 | E14: 13
A15: 14 | B15: Restricted scholarship / grant funds earmarked for nonqualified expenses such as room and board | C15: (column J) | D15: =SUM(J2:J58593) -> 0 | E15: 14
A16: 15 | B16: Scholarship funds to treat as income. Enter on Student's Return, 1040 Wkt 1 line ? | C16: Scholarship Income | D16: =SUM(D14:D15) -> 0 | E16: 15
B17: Enter into FAFSA Question 44 line d to exclude scholarship income from AGI and aid eligibility
B18: Student's birthdate | D18: =err -> #NAME?
B19: Student's age on Dec. 31 of the tax year | D19: =DATEDIF(D18,"12/31/"&D3,"Y") -> #NAME?
B20: Is the student's earned income < 50% of the their support? (Y/N) | D20: =err -> #NAME?
B21: Is the student filing a return with status MFJ? (Y/N) | D21: =err -> #NAME?
B22: Was either of the student's parents alive as of Dec 31 of the tax year? (Y/N) | D22: =err -> #NAME?
B23: Was the student full-time any part of any 5 months of 2018? (Y/N) | D23: =err -> #NAME?
B24: Student disallowed from claiming refundable AOC? (Form 8863 line 7) | C24: =IF(D24="YES!","No refundable AOC :-(","") -> #NAME? | D24: =IF(AND(D2="Y",OR(D19<18,AND(D19=18,D20="Y"),AND(D19>18,D19<24,D23="Y",D20="Y")),D22="Y",D21="N"),"YES!","No") -> #NAME?
B25: Other unearned income | D25: =err -> #NAME?
B26: Is student required to file a return? (Y/N) | D26: =err -> #NAME?
B27: Kiddie tax? | C27: =IF(D27="YES!","Complete Form 8615","") -> #NAME? | D27: =IF(AND(D2="N",(D16+D25)>=2100,D26="Y",OR(D19<18,AND(D19=18,D20="Y"),AND(D19>18,D19<24,D23="Y",D20="Y")),D22="Y",D21="N"),"YES!","No") -> #NAME?
B28: What is the taxpayer's total tax? | C28: 1040 line 15 | D28: =err -> #NAME?
B29: Is the note 2 complexity issue in play? | C29: =IF(D29="YES!","SEE NOTE 2!","") -> #NAME? | D29: =IF(AND(D2="N",D16>0,D28<1500),"YES!","No") -> #NAME?
A32: Note 1: | B32: VA tuition, etc. benefits are never taxable.
A34: Note 2: | B34: =IF(D29="YES!","The procedure is more complex when scholarship conversion to income is being used to claim the credit and there is less than $1500 of tax liability and the taxpayer is not the student. Claim $2000 per student or an amount of AOC (limit $4000) per "&"student that will result in the nonrefundable portion eliminating all tax on Line 15 of the return, either singly or in combination with other student dependents. When the tax on Line 15 of the return is $1200 or less, always claim the first $2000 of "&"the AOC credit per student but only claim the remaining $2000 of the credit to the degree it does not result in an increase in federal tax on the return of any student dependent or trigger kiddie tax. When the taxpayer is the student, take the "&"full amount possible.","<does not apply>") -> #NAME?
B36: If preparing the parent's return and using scholarship funds to take the AOC credit we must also prepare or have a copy of the student's return showing the scholarship funds as income on Line 1 on the student's tax return.

Sheet Scenarios
C1: Tax benefit from applying non-restricted scholarship funds to income
A3: Scenario | B3: Scholarship Income | D3: Education Expenses Claimed | E3: Tax Refund / (Balance Due)
E4: Taxpayer | G4: Dependent 1 | I4: Dependent 2 | K4: TOTAL
B5: TP / Dep1 | C5: Dep2 | E5: Federal | F5: State | G5: Federal | H5: State | I5: Federal | J5: State | K5: Taxpayer | L5: =F5 -> State | M5: =G5 -> Federal | N5: Family
A6: Default | B6: =MAX('AOC1'!D7+'AOC1'!D12-'AOC1'!D6,0) -> 0 | C6: =MAX('AOC2'!D7+'AOC2'!D12-'AOC2'!D6,0) -> 0 | D6: =MIN(MAX('AOC1'!D6-'AOC1'!D7-'AOC1'!D12,0),4000)+MIN(MAX('AOC2'!D6-'AOC2'!D7-'AOC2'!D12,0),4000) -> 0 | K6: =E6+F6 -> 0 | L6: =G6+H6 -> 0 | M6: =I6+J6 -> 0 | N6: =K6+L6+M6 -> 0 | O6: =IF(N6=MAX(N$6:N$10),"<-- BEST",N6-MAX(N$6:N$10)) -> <-- BEST
A7: 25% / 75% | K7: =E7+F7 -> 0 | L7: =G7+H7 -> 0 | M7: =I7+J7 -> 0 | N7: =K7+L7+M7 -> 0 | O7: =IF(N7=MAX(N$6:N$10),"<-- BEST",N7-MAX(N$6:N$10)) -> <-- BEST
A8: 50% / 50% | K8: =E8+F8 -> 0 | L8: =G8+H8 -> 0 | M8: =I8+J8 -> 0 | N8: =K8+L8+M8 -> 0 | O8: =IF(N8=MAX(N$6:N$10),"<-- BEST",N8-MAX(N$6:N$10)) -> <-- BEST
A9: 75% / 25% | K9: =E9+F9 -> 0 | L9: =G9+H9 -> 0 | M9: =I9+J9 -> 0 | N9: =K9+L9+M9 -> 0 | O9: =IF(N9=MAX(N$6:N$10),"<-- BEST",N9-MAX(N$6:N$10)) -> <-- BEST
A10: Max expenses | B10: ='AOC1'!D16 -> 0 | C10: ='AOC2'!D16 -> 0 | D10: ='AOC1'!D9+'AOC2'!D9 -> 0 | K10: =E10+F10 -> 0 | L10: =G10+H10 -> 0 | M10: =I10+J10 -> 0 | N10: =K10+L10+M10 -> 0 | O10: =IF(N10=MAX(N$6:N$10),"<-- BEST",N10-MAX(N$6:N$10)) -> <-- BEST

Sheet R-NR
A1: Monetary Award Program (MAP) grants may only be applied toward tuition and mandatory fees (restricted). They may not be used for items such as books, travel or housing.
A3: Pell Grants and Federal Supplemental Educational Opportunity Grants (FSEOG) are unrestricted.
A5: Federal TRIO Grants are restricted;
A6: see section 1070a-25(e)(3) on p. 43 of the TRIO statute, https://www2.ed.gov/about/offices/listope/trio/statute-trio-qu.pdf

Sheet TestCases

Sheet Rev
A1: Revision History
A2: 43160 | B2: Created based on John K's spreadsheet.
A3: 43507 | B3: Formatting. Labels. Minimization. Added non-QEE restricted, VA grants, kiddie tax logic and note 2 logic.
A4: 43511 | B4: Moved from LibreOffice Calc to Excel.
A5: 43512 | B5: Changed "age" to "birthdate". Moved list of restricted / unrestricted funds to separate sheet.
A6: 43512 | B6: Added initial separate scenarios / summary sheet based on Burt's spreadsheet.
A7: 43524 | B7: Added missing logic to kiddie tax check. Added duplicate sheet for a 2nd student.
B8: Additions to scenarios / summary sheet (still in-progress).
A9: 43534 | B9: Added revisions sheet. Minor kiddie tax logic fix (unearned income >= $2100, not >).
B10: Added logic for 8863 line 7.
B11: Changed line # where student's scholarship income appears from '7' to '1'.
A12: 43541 | B12: Two minor numeric format fixes.
A14: Add logic for 8863 line 7
A15: Show / hide logic Qs and As
A16: Add test cases
